SA
NIAGARA FALLS EXPOS @ PUT-IN-BAY BC
09/05/2026
 
TOP OF THE 1ST
Niagara Falls Expos batting - Pitching for Put-In-Bay BC : LHP Chiel Abspoel
Pitching: LHP Chiel Abspoel
Batting: RHB Roberto Camacho 0-0: Fly out, F8 (Flyball, 78M)
Batting: LHB Mark Armstead 0-0: Foul Ball, location: 2F
0-1: Ball
1-1: Ball
2-1: Fly out, F9 (Flyball, 89M)
Batting: RHB Edgardo Castro 0-0: Ball
1-0: Ball
2-0: Ball
3-0: Base on Balls
Batting: LHB Pancho Farías 0-0: Foul Ball, location: 2F
0-1: Ball
1-1: Foul Ball, location: 2F
1-2: Strikes out swinging
Top of the 1st over - 0 run(s), 0 hit(s), 0 error(s), 1 left on base; Niagara Falls 0 - Put-In-Bay 0
BOTTOM OF THE 1ST
Put-In-Bay BC batting - Pitching for Niagara Falls Expos : RHP Javier Matajudíos
Pitching: RHP Javier Matajudíos
Batting: LHB Tural Bishara 0-0: Called Strike
0-1: Bunt for hit - play at first, batter safe!
Batting: LHB Francisco Alfaro 0-0: Fly out, F8 (Flyball, 8LD)
Batting: RHB Steve Koch 0-0: Foul Ball, location: 2F
0-1: Ball
1-1: Ball
2-1: Foul Ball, location: 2F
2-2: Foul Ball, location: 2F
2-2: Ball
3-2: Strikes out looking
Batting: RHB Peter Heard 0-0: Ball
1-0: Foul Ball, location: 2F
1-1: Ball
Wild Pitch!
Tural Bishara to second
2-1: Ball
3-1: Foul Ball, location: 2F
3-2: Strikes out swinging
Bottom of the 1st over - 0 run(s), 1 hit(s), 0 error(s), 1 left on base; Niagara Falls 0 - Put-In-Bay 0
TOP OF THE 2ND
Niagara Falls Expos batting - Pitching for Put-In-Bay BC : LHP Chiel Abspoel
Batting: RHB Mario Germán 0-0: Ball
1-0: Foul Ball, location: 2F
1-1: SINGLE (Groundball, 56D)
Batting: LHB Carlos Germán 0-0: Swinging Strike
0-1: Foul Ball, location: 2F
0-2: Strikes out swinging
Batting: RHB Jim Unknown 0-0: Ball
1-0: Ball
2-0: Foul Ball, location: 2F
2-1: Fly out, F9 (Flyball, 89S)
Batting: RHB Hou Kong 0-0: Fly out, F9 (Line Drive, 9)
Top of the 2nd over - 0 run(s), 1 hit(s), 0 error(s), 1 left on base; Niagara Falls 0 - Put-In-Bay 0
BOTTOM OF THE 2ND
Put-In-Bay BC batting - Pitching for Niagara Falls Expos : RHP Javier Matajudíos
Batting: SHB Norm Singletary 0-0: Called Strike
0-1: Ball
1-1: Ball
2-1: SINGLE (Line Drive, 7S)
Batting: RHB Lou Lumsden 0-0: Foul Ball, location: 2F
0-1: Ball
1-1: Foul Ball, location: 2F
1-2: Fly out, F9 (Flyball, 9LM)
Batting: RHB Manuel Rosales 0-0: Foul Ball, location: 2F
0-1: Swinging Strike
0-2: Ball
1-2: Ball
2-2: Ground out 6-3 (Groundball, 6)
Norm Singletary to second
Batting: RHB Angus Watts 0-0: SINGLE (Groundball, 6D)
Norm Singletary to third
Runner from 3rd tries for Home, SAFE, no throw
Batting: RHB Ryan French 0-0: SINGLE (Groundball, 4MD)
Angus Watts to second
Batting: LHB Tural Bishara 0-0: Swinging Strike
0-1: SINGLE (Line Drive, 89M)
Angus Watts to third
Ryan French to second
Runner from 3rd tries for Home, SAFE, throw made home
Ryan French to third
Tural Bishara to second
Batting: LHB Francisco Alfaro 0-0: Called Strike
0-1: Foul Ball, location: 2F
0-2: Strikes out swinging
Bottom of the 2nd over - 2 run(s), 4 hit(s), 0 error(s), 2 left on base; Niagara Falls 0 - Put-In-Bay 2
TOP OF THE 3RD
Niagara Falls Expos batting - Pitching for Put-In-Bay BC : LHP Chiel Abspoel
Batting: RHB Justin Smelter 0-0: Called Strike
0-1: Called Strike
0-2: Ball
1-2: Strikes out looking
Batting: RHB Roberto Camacho 0-0: Ball
1-0: Ball
2-0: Foul Ball, location: 2F
2-1: Foul Ball, location: 2F
2-2: Ball
3-2: Base on Balls
Batting: LHB Mark Armstead 0-0: Called Strike
0-1: Foul Ball, location: 2F
0-2: Ground out 4-3 (Groundball, 34)
Roberto Camacho to second
Batting: RHB Edgardo Castro 0-0: Ball
1-0: SINGLE (Groundball, 6MD)
Roberto Camacho to third
Runner from 3rd tries for Home, SAFE, no throw
Batting: LHB Pancho Farías 0-0: Ground out 1-3 (Groundball, 13S)
Top of the 3rd over - 1 run(s), 1 hit(s), 0 error(s), 1 left on base; Niagara Falls 1 - Put-In-Bay 2
BOTTOM OF THE 3RD
Put-In-Bay BC batting - Pitching for Niagara Falls Expos : RHP Javier Matajudíos
Batting: RHB Steve Koch 0-0: SINGLE (Groundball, 56D)
Batting: RHB Peter Heard 0-0: Ball
1-0: Called Strike
1-1: Ball
Wild Pitch!
Steve Koch to second
2-1: Fly out, F9 (Flyball, 9)
Batting: SHB Norm Singletary 0-0: Foul Ball, location: 2F
0-1: Ball
1-1: Ball
2-1: Foul Ball, location: 2F
2-2: Foul Ball, location: 2F
2-2: Foul Ball, location: 2F
2-2: Ground out U3 (Groundball, 34)
Steve Koch to third
Batting: RHB Lou Lumsden 0-0: Called Strike
0-1: Foul Ball, location: 2F
0-2: Foul Ball, location: 2F
0-2: Strikes out swinging
Bottom of the 3rd over - 0 run(s), 1 hit(s), 0 error(s), 1 left on base; Niagara Falls 1 - Put-In-Bay 2
TOP OF THE 4TH
Niagara Falls Expos batting - Pitching for Put-In-Bay BC : LHP Chiel Abspoel
Batting: RHB Mario Germán 0-0: Swinging Strike
0-1: Ball
1-1: Foul Ball, location: 2F
1-2: Fly out, F9 (Flyball, 9LM)
Batting: LHB Carlos Germán 0-0: Fly out, F9 (Flyball, 9)
Batting: RHB Jim Unknown 0-0: Ball
1-0: Ball
2-0: Called Strike
2-1: Ball
3-1: DOUBLE (Flyball, 7LM)
Batting: RHB Hou Kong 0-0: Ball
1-0: Ball
2-0: Swinging Strike
2-1: Called Strike
2-2: Ball
3-2: Strikes out swinging
Top of the 4th over - 0 run(s), 1 hit(s), 0 error(s), 1 left on base; Niagara Falls 1 - Put-In-Bay 2
BOTTOM OF THE 4TH
Put-In-Bay BC batting - Pitching for Niagara Falls Expos : RHP Javier Matajudíos
Batting: RHB Manuel Rosales 0-0: Ball
1-0: Ball
2-0: Ball
3-0: Called Strike
3-1: Called Strike
3-2: Strikes out looking
Batting: RHB Angus Watts 0-0: Swinging Strike
0-1: Ball
1-1: Foul Ball, location: 2F
1-2: SINGLE (Groundball, 4MD)
Batting: RHB Ryan French 0-0: SINGLE (Line Drive, 4MD)
Angus Watts to second
Batting: LHB Tural Bishara 0-0: Called Strike
0-1: Called Strike
0-2: Ball
1-2: Strikes out swinging
Batting: LHB Francisco Alfaro 0-0: Ball
1-0: Foul Ball, location: 2F
1-1: Ball
2-1: Fly out, F7 (Flyball, 7LSF)
Bottom of the 4th over - 0 run(s), 2 hit(s), 0 error(s), 2 left on base; Niagara Falls 1 - Put-In-Bay 2
TOP OF THE 5TH
Niagara Falls Expos batting - Pitching for Put-In-Bay BC : LHP Chiel Abspoel
Batting: RHB Justin Smelter 0-0: Ball
1-0: Swinging Strike
1-1: Called Strike
1-2: Ball
2-2: Strikes out looking
Batting: RHB Roberto Camacho 0-0: Ball
1-0: Called Strike
1-1: Ball
2-1: Foul Ball, location: 2F
2-2: Foul Ball, location: 2F
2-2: Ball
3-2: Fly out, F6 (Line Drive, 6)
Batting: LHB Mark Armstead 0-0: Ball
1-0: Called Strike
1-1: Called Strike
1-2: Ball
2-2: Ground out 4-3 (Groundball, 4M)
Top of the 5th over - 0 run(s), 0 hit(s), 0 error(s), 0 left on base; Niagara Falls 1 - Put-In-Bay 2
BOTTOM OF THE 5TH
Put-In-Bay BC batting - Pitching for Niagara Falls Expos : RHP Javier Matajudíos
Batting: RHB Steve Koch 0-0: Ball
1-0: Called Strike
1-1: Ground out 6-3 (Groundball, 6)
Batting: RHB Peter Heard 0-0: Foul Ball, location: 2F
0-1: Ball
1-1: Foul Ball, location: 2F
1-2: SINGLE (Groundball, 6MD)
Batting: SHB Norm Singletary 0-0: Ball
1-0: 2-RUN HOME RUN (Line Drive, 9D), Distance : 403 ft
Batting: RHB Lou Lumsden 0-0: Called Strike
0-1: Ball
1-1: Foul Ball, location: 2F
1-2: Foul Ball, location: 2F
1-2: Ball
2-2: Ball
3-2: Ground out 5-3 (Groundball, 5S)
Batting: RHB Manuel Rosales 0-0: Called Strike
0-1: Ball
1-1: Foul Ball, location: 2F
1-2: Ball
2-2: Foul Ball, location: 2F
2-2: Foul Ball, location: 2F
2-2: Ball
3-2: Foul Ball, location: 2F
3-2: Ground out 6-3 (Groundball, 6)
Bottom of the 5th over - 2 run(s), 2 hit(s), 0 error(s), 0 left on base; Niagara Falls 1 - Put-In-Bay 4
TOP OF THE 6TH
Niagara Falls Expos batting - Pitching for Put-In-Bay BC : LHP Chiel Abspoel
Pitching: RHP Cisco Ortega
Batting: RHB Edgardo Castro 0-0: Fly out, F8 (Flyball, 8RM)
Batting: LHB Pancho Farías 0-0: Ball
1-0: Ball
2-0: Ball
3-0: Base on Balls
Batting: RHB Mario Germán 0-0: Ball
1-0: Called Strike
1-1: Foul Ball, location: 2F
1-2: Strikes out swinging
Batting: LHB Carlos Germán 0-0: Called Strike
0-1: Ball
1-1: Foul Ball, location: 2F
1-2: Strikes out looking
Top of the 6th over - 0 run(s), 0 hit(s), 0 error(s), 1 left on base; Niagara Falls 1 - Put-In-Bay 4
BOTTOM OF THE 6TH
Put-In-Bay BC batting - Pitching for Niagara Falls Expos : RHP Javier Matajudíos
Batting: RHB Angus Watts 0-0: Called Strike
0-1: Called Strike
0-2: Ball
1-2: Ground out 5-3 (Groundball, 56)
Batting: RHB Ryan French 0-0: Fly out, F9 (Flyball, 9S)
Batting: LHB Tural Bishara 0-0: Called Strike
0-1: Foul Ball, location: 2F
0-2: Strikes out looking
Bottom of the 6th over - 0 run(s), 0 hit(s), 0 error(s), 0 left on base; Niagara Falls 1 - Put-In-Bay 4
TOP OF THE 7TH
Niagara Falls Expos batting - Pitching for Put-In-Bay BC : RHP Cisco Ortega
Batting: RHB Jim Unknown 0-0: Swinging Strike
0-1: Foul Ball, location: 2F
0-2: Strikes out looking
Batting: RHB Hou Kong 0-0: Ground out 6-3 (Groundball, 6)
Batting: RHB Justin Smelter 0-0: Swinging Strike
0-1: Ball
1-1: Called Strike
1-2: Ball
2-2: Foul Ball, location: 2F
2-2: Ball
3-2: Strikes out looking
Top of the 7th over - 0 run(s), 0 hit(s), 0 error(s), 0 left on base; Niagara Falls 1 - Put-In-Bay 4
BOTTOM OF THE 7TH
Put-In-Bay BC batting - Pitching for Niagara Falls Expos : RHP Javier Matajudíos
Batting: LHB Francisco Alfaro 0-0: Foul Ball, location: 2F
0-1: Ball
1-1: Ground out 6-3 (Groundball, 6)
Batting: RHB Steve Koch 0-0: Ball
1-0: Foul Ball, location: 2F
1-1: Ball
2-1: Foul Ball, location: 2F
2-2: Ground out 6-3 (Groundball, 6MD)
Batting: RHB Peter Heard 0-0: Ball
1-0: Called Strike
1-1: Ball
2-1: Ball
3-1: Swinging Strike
3-2: Foul Ball, location: 2F
3-2: Foul Ball, location: 2F
3-2: Foul Ball, location: 2F
3-2: Ground out 6-3 (Groundball, 6)
Bottom of the 7th over - 0 run(s), 0 hit(s), 0 error(s), 0 left on base; Niagara Falls 1 - Put-In-Bay 4
TOP OF THE 8TH
Niagara Falls Expos batting - Pitching for Put-In-Bay BC : RHP Cisco Ortega
Now in CF: Júlio Pérez
Batting: RHB Roberto Camacho 0-0: Ball
1-0: Ball
2-0: Foul Ball, location: 2F
2-1: Ball
3-1: Foul Ball, location: 2F
3-2: Strikes out looking
Batting: LHB Mark Armstead 0-0: Ball
1-0: Foul Ball, location: 2F
1-1: Foul Ball, location: 2F
1-2: Strikes out swinging
Batting: RHB Edgardo Castro 0-0: Ball
1-0: Ball
2-0: Swinging Strike
2-1: Ball
3-1: Swinging Strike
3-2: Foul Ball, location: 2F
3-2: Foul Ball, location: 2F
3-2: SINGLE (Groundball, 6MD)
Pitching: LHP Bill Edmonds
Batting: LHB Pancho Farías 0-0: Called Strike
0-1: Ball
1-1: Ball
2-1: Ball
3-1: Called Strike
Pickoff Throw to First - Out!
Top of the 8th over - 0 run(s), 1 hit(s), 0 error(s), 0 left on base; Niagara Falls 1 - Put-In-Bay 4
BOTTOM OF THE 8TH
Put-In-Bay BC batting - Pitching for Niagara Falls Expos : RHP Javier Matajudíos
Pitching: LHP Washington Scarpenti
Batting: SHB Norm Singletary 0-0: Foul Ball, location: 2F
0-1: Ball
1-1: Foul Ball, location: 2F
1-2: Ball
2-2: Foul Ball, location: 2F
2-2: SINGLE (Groundball, 13S) (infield hit)
Batting: RHB Lou Lumsden 0-0: Bunted foul
0-1: Sac Bunt - play at first, batter OUT! 1-4
Norm Singletary to second
Batting: RHB Manuel Rosales 0-0: Ball
1-0: SINGLE (Groundball, 6MD)
Norm Singletary to third
Runner from 3rd tries for Home, SAFE, throw made home
Manuel Rosales to second
Batting: RHB Angus Watts 0-0: Intentional Walk
Batting: RHB Ryan French 0-0: Ball
1-0: SINGLE (Flyball, 8LM)
Manuel Rosales to third
Angus Watts to second
Runner from 3rd tries for Home, SAFE, no throw
Batting: SHB Júlio Pérez 0-0: Ball
1-0: Foul Ball, location: 2F
1-1: Foul Ball, location: 2F
1-2: Strikes out swinging
Batting: LHB Francisco Alfaro 0-0: Ball
1-0: Ball
2-0: Fielders Choice at 2nd, 4-6 (Groundball, 4)
Bottom of the 8th over - 2 run(s), 3 hit(s), 0 error(s), 1 left on base; Niagara Falls 1 - Put-In-Bay 6
TOP OF THE 9TH
Niagara Falls Expos batting - Pitching for Put-In-Bay BC : LHP Bill Edmonds
Batting: LHB Pancho Farías 0-0: Swinging Strike
0-1: Ball
1-1: Ball
2-1: Ball
3-1: SINGLE (Groundball, 34D)
Batting: RHB Mario Germán 0-0: Ball
1-0: Ball
2-0: Ball
3-0: Called Strike
3-1: Fly out, F9 (Flyball, 9)
Batting: LHB Carlos Germán 0-0: Called Strike
0-1: Ball
1-1: Ball
2-1: Ball
3-1: Called Strike
3-2: Fly out, F8 (Line Drive, 78M)
Batting: RHB Jim Unknown 0-0: SINGLE (Line Drive, 6D)
Pancho Farías to second
Batting: RHB Hou Kong 0-0: Swinging Strike
0-1: Swinging Strike
0-2: Foul Ball, location: 2F
0-2: Ball
1-2: Ball
2-2: SINGLE (Flyball, 89S)
Pancho Farías to third
Jim Unknown to second
Runner from 3rd tries for Home, throw and OUT!
Top of the 9th over - 0 run(s), 3 hit(s), 0 error(s), 2 left on base; Niagara Falls 1 - Put-In-Bay 6
Monday, March 20th, 2017 - OOTP Baseball 17.12 Build 75